 Dungeon Crawl Stone Soup version 0.31-a0-325-g067879e3d3 (webtiles) character file.

Game seed: 10647488541333555951

27 HallandMoats the Trooper (level 3, -10/33 HPs)
             Began as a Ghoul Fighter on July 18, 2023.
             Mangled by a gnoll
             ... wielding a +0 halberd
              (12 damage)
             ... on level 2 of the Dungeon.
             The game lasted 00:01:29 (921 turns).

HallandMoats the Trooper (Ghoul Fighter)             Turns: 921, Time: 00:01:29

Health: -10/33     AC:  6    Str: 25    XL:     3   Next: 10%
Magic:  2/2        EV:  9    Int:  5    God:
Gold:   35         SH:  9    Dex:  8    Spells: 2/2 levels left

rFire   . .          .
                       - Unarmed
rCold   + . .        b - +0 buckler
rNeg    + + +        a - +0 scale mail
rPois   ∞            (no helmet)
rElec   .            (no cloak)
rCorr   .            (no gloves)
SInv    .            (no boots)
Will    .....        j - amulet of reflection Stlth
                     e - +6 ring of strength
HPRegen 0.00/turn    (no ring)
MPRegen 0.08/turn

%: reflection
@: inhibited regen
A: claws 1, cold resistance 1, negative energy resistance 3, inhibited
regeneration, torment resistance 2, devour on kill
a: no special abilities


You were on level 2 of the Dungeon.
You visited 1 branch of the dungeon, and saw 2 of its levels.

You collected 35 gold pieces.

Inventory:

Armour
 a - a +0 scale mail (worn)
 b - a +0 buckler (worn)
Jewellery
 e - a +6 ring of strength (left claw)
 j - an amulet of reflection (around neck)
Scrolls
 g - a scroll of silence {unknown}
 h - a scroll of poison {unknown}
 k - a scroll of revelation {unknown}
Potions
 c - a potion of might
 d - a potion of degeneration {unknown}
 f - a potion of curing {unknown}
 i - a potion of magic {unknown}


   Skills:
 * Level 3.7 Fighting
 + Level 2.8 Armour
 + Level 0.5 Dodging
 + Level 2.8 Shields
 * Level 2.7 Unarmed Combat


You had 2 spell levels left.
You didn't know any spells.
Your spell library was empty.

Dungeon Overview and Level Annotations

Branches:
Dungeon (2/15)

Altars:


Innate Abilities, Weirdness & Mutations

You are immune to poison.
You have sharp fingernails.
Your flesh is cold resistant. (rC+)
You are immune to negative energy. (rN+++)
You do not regenerate when monsters are visible.
You are immune to unholy pain and torment.
You thrive by killing the living.


Message History

You scratch the gnoll.
The gnoll is heavily wounded.
You block the gnoll's attack.
You closely miss the gnoll.
The gnoll is heavily wounded.
The gnoll hits you with a +0 whip.
You barely miss the gnoll.
The gnoll is heavily wounded.
You scratch the gnoll.
You kill the gnoll!
You have reached level 3!
Your experience leads to an increase in your attributes!
Your base attributes are Str 19, Int 3, Dex 8.
Increase (S)trength, (I)ntelligence, or (D)exterity?
You feel clever. x2
You claw the frilled lizard!
You kill the frilled lizard!
The gnoll barely misses you. You block the gnoll's attack.
The gnoll barely misses you.
Things that are here:
a +0 whip; a frilled lizard corpse You closely miss the gnoll.
The gnoll hits you from afar with a +0 halberd.
The gnoll hits you with a +0 halberd.
You scratch the gnoll.
The gnoll is lightly wounded.
The gnoll hits you from afar with a +0 halberd.
You block the gnoll's attack.
You scratch the gnoll but do no damage.
The gnoll is lightly wounded.
The gnoll hits you from afar with a +0 halberd!
The gnoll hits you with a +0 halberd!
* * * LOW HITPOINT WARNING * * *
You scratch the gnoll but do no damage.
The gnoll is lightly wounded.
The gnoll barely misses you. The gnoll closely misses you.
You scratch the gnoll.
The gnoll is moderately wounded.
The gnoll hits you from afar with a +0 halberd!
You die...

# #. #.# #.#.##.#####.#
#.#..........#
#.##.#.##.#### #
#.......#.# ####
#.##........# #..
......##.### #.# ##..###.#
#.# #...(..# #@# ##.#####
#g# #...# ####g#### #...#
#...g...####### #...#
#.##....?......
..###...#####.##.##g##.B..
#...........#.##...g.g.....
.>............##..#.......B
#...........#.##...........


You could see 2 gnolls and a hobgoblin.

Vanquished Creatures
  A gnoll (D:2)
  3 bats
  A giant cockroach (D:1)
  A goblin (D:1)
  3 hobgoblins (D:1)
  2 kobolds (D:1)
  2 quokkas (D:1)
  2 ball pythons (D:1)
  A frilled lizard (D:2)
16 creatures vanquished.

Notes
Turn   | Place    | Note
-------+----------+-------------------------------------------
     0 | D:1      | HallandMoats the Ghoul Fighter began the quest for the Orb.
     0 | D:1      | Reached XP level 1. HP: 19/19 MP: 0/0
   186 | D:1      | Reached XP level 2. HP: 16/26 MP: 1/1
   392 | D:1      | Found a faded altar of an unknown god.
   915 | D:2      | Reached XP level 3. HP: 24/33 MP: 2/2
   921 | D:2      | Mangled by a gnoll

Illustrated notes

Levels and vault maps discovered:
D:1:      saegor_arrival_simple_a, layout_basic, serial_rivers,
          chequers_serial_rivers_room_b, chequers_serial_rivers_room_b,
          chequers_serial_rivers_micro_c, chequers_serial_rivers_marsh,
          dreamdust_ecumenical_altar_grove, chequers_big_river
D:2:      layout_loops_cross, minivault_4

Action                     || total
---------------------------++-------
  Melee: Unarmed           ||    68
 Armour: Scale mail        ||    31
  Dodge: Dodged            ||    30
  Block: Buckler           ||    16

Table legend: (Time is in decaauts)
 A = Elapsed time spent in this place.
 B = Non-inter-level travel time spent in this place.
 C = Inter-level travel time spent in this place.
 D = Time resting spent in this place.
 E = Time spent auto-exploring this place.
 F = Levels seen in this place.
 G = Mean time per level.
                   A        B        C        D        E       F      G
               +--------+--------+--------+--------+--------+-----+--------+
         Total |    938 |    916 |     22 |      0 |    703 |   2 |  469.0 |
       Dungeon |    938 |    916 |     22 |      0 |    703 |   2 |  469.0 |
               +--------+--------+--------+--------+--------+-----+--------+

Top non-repeatable levels by time:
     D:1: 866 daAuts
     D:2: 71 daAuts
